 Dungeon Crawl Stone Soup version 0.29-a0-1016-g236c7fd91e (webtiles) character file.

Game seed: 13067090849296299471

17022 ytrimaz the Basher (level 12, -4/97 HPs)
             Began as a Formicid Fighter on Aug 7, 2022.
             Slain by a cyclops (23 damage)
             ... on level 13 of the Dungeon on Aug 9, 2022.
             The game lasted 00:21:00 (13261 turns).

ytrimaz the Basher (Formicid Fighter)              Turns: 13261, Time: 00:21:01

Health: -4/97      AC: 23    Str: 26    XL:     12   Next: 77%
Magic:  12/12      EV:  7    Int:  8    God:
Gold:   918        SH: 15    Dex: 19    Spells: 11/11 levels left

rFire   . . .      SeeInvis +   d - -1 demon whip (venom)
rCold   . . .      Faith    .   c - +0 buckler
rNeg    . . .      Spirit   .   u - +0 plate armour
rPois   +          Reflect  +   (helmet unavailable)
rElec   .          Harm     .   i - +2 cloak
rCorr   .          Rampage  .   e - +0 pair of gloves
Will    +....                   v - +0 pair of boots
Stlth   ..........              S - amulet of reflection
HPRegen 0.26/turn               j - ring of poison resistance
MPRegen 0.13/turn               M - +6 ring of dexterity

@: studying Ice Magic
A: permanent stasis, dig shafts and tunnels, antennae 3, four strong arms,
talons 1, iridescent scales 1, large bone plates 1, wild magic 1
a: Dig, Shaft Self


You were on level 13 of the Dungeon.
You visited 3 branches of the dungeon, and saw 15 of its levels.

You collected 918 gold pieces.

Inventory:

Hand Weapons
 d - a -1 demon whip of venom (weapon)
 h - a +1 mace of draining
 s - a +2 morningstar of protection
 z - a +1 mace of holy wrath
 B - a +3 mace
 C - a +0 flail
 F - a +0 morningstar
 N - a +0 dire flail
Missiles
 n - 2 silver boomerangs
Armour
 c - a +0 buckler (worn)
 e - a +0 pair of gloves (worn)
 i - a +2 cloak (worn)
 u - a +0 plate armour (worn)
 v - a +0 pair of boots (worn)
 y - a +0 kite shield
Jewellery
 j - a ring of poison resistance (left hand)
 l - a ring of fire
 J - an amulet of magic regeneration
 M - a +6 ring of dexterity (right hand)
 Q - an amulet of guardian spirit
 S - an amulet of reflection (around neck)
Wands
 a - a wand of digging (15)
 b - a wand of quicksilver (7)
 D - a wand of mindburst (18)
 E - a wand of flame (22)
 K - a wand of paralysis (7)
Scrolls
 m - 2 scrolls of noise
 w - 5 scrolls of enchant armour
 x - 4 scrolls of amnesia
 G - a scroll of fog
 L - 3 scrolls of immolation
 T - a scroll of silence
Potions
 f - 5 potions of curing
 g - 5 potions of magic
 k - a potion of ambrosia
 o - 3 potions of mutation
 p - a potion of brilliance
 q - 3 potions of attraction
 r - 3 potions of berserk rage
 t - 2 potions of flight
 A - 2 potions of lignification
 H - 3 potions of heal wounds
 I - a potion of cancellation
 O - 2 potions of resistance
 R - a potion of might


   Skills:
 + Level 10.1 Fighting
 - Level 3.1(10.1) Axes
 - Level 14.8(15.0) Maces & Flails
 + Level 11.3 Armour
 - Level 4.0 Shields


You had 11 spell levels left.
You didn't know any spells.
Your spell library contained the following spells:

 Spells                   Type           Power      Damage    Failure   Level
 Foxfire                  Conj/Fire      0%         2x1d4     99%         1
 Conjure Flame            Conj/Fire      0%         6-21      100%        3
 Gell's Gravitas          Tloc           0%         N/A       100%        3
 Ignite Poison            Fire/Tmut/Pois 0%         N/A       100%        3
 Inner Flame              Hex/Fire       0%         N/A       100%        3
 Lesser Beckoning         Tloc           0%         N/A       100%        3
 Mephitic Cloud           Conj/Pois/Air  0%         N/A       100%        3
 Teleport Other           Tloc           0%         N/A       100%        3
 Flame Wave               Conj/Fire      0%         2d4       100%        4
 Sticky Flame             Conj/Fire      0%         2d3       100%        4
 Summon Ice Beast         Ice/Summ       0%         N/A       100%        4
 Freezing Cloud           Conj/Ice/Air   0%         6-21      100%        5
 Summon Mana Viper        Hex/Summ       0%         N/A       100%        5
 Monstrous Menagerie      Summ           0%         N/A       100%        7
 Borgnjor's Revivificati  Necr           0%         N/A       100%        8
 Necromutation            Tmut/Necr      0%         N/A       100%        8
 Death's Door             Necr           0%         N/A       100%        9


Dungeon Overview and Level Annotations

Branches:
Dungeon (13/15)            Temple (1/1) D:5            Lair (1/5) D:8
    Orc (0/2) D:9
 Vaults: D:13-14

Altars:
Ashenzari
Cheibriados
Dithmenos
Elyvilon
Fedhas
Gozag
Hepliaklqana
Kikubaaqudgha
Makhleb
Nemelex Xobeh
Qazlal
Sif Muna
Trog
Uskayaw
Vehumet
Xom
Yredelemnul
Zin
The Shining One

Shops:
D:1 =

Annotations:
D:10 3 runed translucent doors, Sobieck's ghost, journeyman NaVM


Innate Abilities, Weirdness & Mutations

You cannot be hasted, slowed, berserked, paralysed or teleported.
You can dig through walls and to a lower floor.
You have a pair of large antennae on your head. (SInv)
Your four strong arms can wield two-handed weapons with a shield.
You have sharp toenails.
You are partially covered in iridescent scales. (AC +2)
You are partially covered in large bone plates. (SH +4)
Your spells are a little harder to cast, but a little more powerful.


Message History

The brown ugly thing bites you but does no damage.
You barely miss the brown ugly thing.
The brown ugly thing is heavily wounded.
You completely miss the brown ugly thing.
The brown ugly thing is heavily wounded.
The brown ugly thing bites you!
You are splashed with acid.
You hit the brown ugly thing.
The brown ugly thing is severely wounded.
You hit the brown ugly thing but do no damage.
The brown ugly thing looks as sick as possible!
The brown ugly thing is severely wounded.
You block the brown ugly thing's attack.
You are too injured to fight recklessly!
You barely miss the brown ugly thing.
The brown ugly thing is severely wounded.
You barely miss the brown ugly thing.
The brown ugly thing is severely wounded.
The brown ugly thing bites you but does no damage.
You thrash the brown ugly thing!!
You kill the brown ugly thing!
You barely miss the cyclops.
You are too injured to fight recklessly!
Unknown command.
You hit the cyclops.
The cyclops is lightly wounded.
You are too injured to fight recklessly!
You whack the cyclops!
The cyclops is poisoned.
The cyclops is moderately wounded.
The cyclops hits you!
* * * LOW HITPOINT WARNING * * *
You are too injured to fight recklessly!
You hit the cyclops.
The cyclops looks as sick as possible!
The cyclops is heavily wounded.
You are too injured to fight recklessly!
You whack the cyclops!
The cyclops is severely wounded.
You hit the cyclops.
The cyclops looks as sick as possible!
The cyclops is severely wounded.
The cyclops hits you!!
You die...

#. ##.# #. ##..#
#.##..## # ..#.##
. #.#)# .. #.#)# #
# #.))##.# {
##.#....#
#@.........#
......C......#####
......##...###
?..... #...# .....
#.### ##### ^.#
##(# .#


You could see a cyclops (extremely poisoned).

Vanquished Creatures
  2 boulder beetles
  A centaur warrior (D:13)
  3 two-headed ogres
  Amaemon (D:8)
  An ugly thing (D:13)
  A cyclops (D:12)
  An elephant (D:8)
  An orange demon (D:8)
  2 gargoyles
  An unseen horror (D:13)
  5 trolls
  2 hornets
  Prince Ribbit (D:7)
  Grinder (D:6)
  4 slime creatures (D:12)
  Sigmund (D:6)
  A vampire (D:10)
  A wraith (D:11)
  2 wyverns
  18 yaks
  3 steam dragons
  7 vampire mosquitoes
  An acid dragon (D:10)
  An ice beast (D:6)
  4 orc warriors
  2 black bears (D:8)
  5 centaurs
  4 kobold brigands
  3 bullfrogs
  3 scorpions (D:5)
  12 wights
  4 electric eels
  2 howler monkeys (D:11)
  A jelly (D:5)
  4 hounds
  4 orc priests
  8 iguanas
  13 orc wizards
  An adder (D:3)
  A shadow imp (D:5)
  An ufetubus (D:5)
  4 dart slugs
  39 orcs
  6 ball pythons
  3 bats
  5 endoplasms
  8 giant cockroaches
  6 goblins
  8 hobgoblins
  8 jackals
  3 quokkas
  5 frilled lizards
  27 kobolds
  6 rats
262 creatures vanquished.

Vanquished Creatures (others)
  A plant (D:8)
1 creature vanquished.

Grand Total: 263 creatures vanquished

Notes
Turn   | Place    | Note
-------+----------+-------------------------------------------
     0 | D:1      | ytrimaz the Formicid Fighter began the quest for the Orb.
     0 | D:1      | Reached XP level 1. HP: 18/18 MP: 1/1
   114 | D:1      | Reached XP level 2. HP: 21/24 MP: 2/2
   418 | D:1      | Found Hoiremex's Jewellery Shop.
   440 | D:1      | Reached XP level 3. HP: 29/29 MP: 3/3
   953 | D:2      | Reached skill level 1 in Maces & Flails
   985 | D:2      | Reached skill level 2 in Maces & Flails
   985 | D:2      | Reached XP level 4. HP: 18/35 MP: 4/4
  1360 | D:2      | Found a faded altar of an unknown god.
  1968 | D:3      | Reached skill level 3 in Maces & Flails
  2249 | D:3      | Found an ancient bone altar of Kikubaaqudgha.
  2286 | D:3      | Reached XP level 5. HP: 41/41 MP: 5/5
  3190 | D:3      | Gained mutation: You are partially covered in large bone
                  | plates. (SH +4) [potion of mutation]
  3190 | D:3      | Gained mutation: Your spells are a little harder to cast,
                  | but a little more powerful. [potion of mutation]
  3190 | D:3      | Gained mutation: You are partially covered in iridescent
                  | scales. (AC +2) [potion of mutation]
  3190 | D:3      | Gained mutation: You have sharp toenails. [potion of
                  | mutation]
  3204 | D:4      | Reached skill level 4 in Maces & Flails
  3524 | D:4      | Reached XP level 6. HP: 40/47 MP: 6/6
  3597 | D:4      | Reached skill level 5 in Maces & Flails
  3634 | D:5      | Entered Level 5 of the Dungeon
  3954 | D:4      | Reached skill level 6 in Maces & Flails
  3954 | D:4      | Reached XP level 7. HP: 44/52 MP: 7/7
  4330 | D:5      | Found a staircase to the Ecumenical Temple.
  4363 | Temple   | Entered the Ecumenical Temple
  4471 | D:5      | Reached skill level 7 in Maces & Flails
  4886 | D:5      | Reached XP level 8. HP: 58/58 MP: 8/8
  5264 | D:6      | Reached skill level 8 in Maces & Flails
  5461 | D:6      | Noticed Sigmund
  5471 | D:6      | Killed Sigmund
  5472 | D:6      | Reached skill level 9 in Maces & Flails
  5616 | D:6      | Noticed Grinder
  5631 | D:6      | Killed Grinder
  5632 | D:6      | Reached skill level 10 in Maces & Flails
  6006 | D:6      | Reached XP level 9. HP: 62/64 MP: 9/9
  6125 | D:6      | Upgraded the game from 0.29-a0-1008-g949cc1d0fb to
                  | 0.29-a0-1016-g236c7fd91e
  6221 | D:7      | Reached skill level 11 in Maces & Flails
  6249 | D:7      | Reached skill level 12 in Maces & Flails
  6485 | D:7      | Noticed Prince Ribbit
  6498 | D:7      | Killed Prince Ribbit
  6981 | D:7      | Reached XP level 10. HP: 59/70 MP: 10/10
  7013 | D:7      | Reached skill level 13 in Maces & Flails
  7689 | D:8      | Noticed an elephant
  7709 | D:8      | Noticed Amaemon
  7709 | D:8      | Noticed an orange demon
  7737 | D:8      | Killed an elephant
  7741 | D:8      | Reached skill level 14 in Maces & Flails
  7770 | D:8      | Killed Amaemon
  7778 | D:8      | Killed an orange demon
  7973 | D:8      | Noticed a gargoyle
  8012 | D:8      | HP: 2/70 [gargoyle/+2 morningstar of protection (13)]
  8016 | D:8      | Killed a gargoyle
  8409 | D:8      | Found a staircase to the Lair.
  8450 | D:8      | Reached XP level 11. HP: 47/77 MP: 11/11
  8880 | Lair:1   | Entered Level 1 of the Lair of Beasts
  8945 | D:9      | Reached skill level 5 in Fighting
  9023 | D:9      | Reached skill level 5 in Armour
  9278 | D:9      | Found a staircase to the Orcish Mines.
  9434 | D:10     | Entered Level 10 of the Dungeon
  9480 | D:10     | Found a runed translucent gate.
  9481 | D:10     | Found a runed translucent gate.
  9482 | D:10     | Found a runed translucent gate.
  9484 | D:10     | Noticed Sobieck's ghost (journeyman NaVM)
  9871 | D:10     | Identified the +9 long sword of the Crafting Gods {spect,
                  | Int+4 Dex+3}
  9968 | D:10     | HP: 4/84 [yak (11)]
  9977 | D:10     | HP: 4/84 [yak (10)]
 11507 | D:11     | Noticed a two-headed ogre
 11518 | D:11     | Killed a two-headed ogre
 11546 | D:11     | Reached XP level 12. HP: 53/93 MP: 12/12
 11734 | D:11     | You fall into a shaft and drop 2 floors!
 12021 | D:12     | Noticed a boulder beetle
 12070 | D:12     | Killed a boulder beetle
 12284 | D:12     | Noticed a two-headed ogre
 12297 | D:12     | Killed a two-headed ogre
 12476 | D:12     | Reached skill level 10 in Armour
 13115 | D:13     | Noticed a centaur warrior
 13128 | D:13     | Killed a centaur warrior
 13195 | D:13     | Noticed a boulder beetle
 13210 | D:13     | Killed a boulder beetle
 13213 | D:13     | Noticed a two-headed ogre
 13233 | D:13     | Killed a two-headed ogre
 13234 | D:13     | Reached skill level 10 in Fighting
 13261 | D:13     | Slain by a cyclops

Illustrated notes

Levels and vault maps discovered:
D:1:      sevenhm_arrival_forest_fort_small_3, layout_basic, serial_shops, shop
D:2:      layout_loops_cross, basic_ecumenical_altar, minmay_split_cup_small
D:3:      layout_basic, nicolae_overflow_crystal_walls, saegor_snake_ambush
D:4:      layout_cave_pools, minmay_misc_feat_doors,
          amcnicky_mini_corridor_feature
D:5:      layout_basic, minmay_temple_entry_gardened_gates
D:6:      layout_basic, uniq_sigmund, uniq_grinder
D:7:      layout_loops_corners, serial_rivers, chequers_serial_rivers_large_a,
          chequers_serial_rivers_micro_a, chequers_serial_rivers_micro_e,
          chequers_serial_rivers_small_b, fountainhead, uniq_prince_ribbit1
D:8:      layout_rooms, david_lair_generic, minivault_19,
          minmay_manual_mandibuliform, uniq_amaemon
D:9:      layout_cross, orc_0_dummy, kennysheep_generic_room_7
D:10:     layout_basic, ebering_ghost_rock_garden
D:11:     layout_loops_ring, nicolae_ru_the_path_less_chosen
D:12:     layout_irregular_city, corner_web_ring
D:13:     layout_rooms
Temple:   compressed_dpeg_circular_temple
Lair:1:   layout_cave_pods, uniq_gastronok

Skill      XL: |  1  2  3  4  5  6  7  8  9 10 11 12 |
---------------+-------------------------------------+-----
Axes           | 3 |  3.1
Maces & Flails | 2 3 4 6 7 10 12 14 | 14.8
Fighting       | 4 8 10 | 10.1
Armour         | 8 11 | 11.3
Shields        | |  4.0

Action                   |  1- 3 |  4- 6 |  7- 9 | 10-12 || total
-------------------------+-------+-------+-------+-------++-------
Melee: War axe           |    23 |       |       |       ||    23
       Mace              |    27 |   138 |   207 |   206 ||   578
       Kick              |       |     9 |    29 |       ||    38
       Demon whip        |       |       |       |   408 ||   408
       Morningstar       |       |       |       |     7 ||     7
 Abil: Dig               |       |       |     2 |     6 ||     8
Evoke: Wand              |       |       |       |     1 ||     1
  Use: Scroll            |     4 |    10 |     6 |     6 ||    26
       Potion            |       |     1 |     2 |    11 ||    14
 Stab: Distracted        |       |       |       |     2 ||     2
Armor: Scale mail        |    38 |    18 |       |       ||    56
       Plate armour      |       |    75 |    74 |   268 ||   417
Dodge: Dodged            |    22 |    40 |    34 |    99 ||   195
Block: Buckler           |    19 |    47 |    66 |   199 ||   331
       Reflection        |       |       |       |     1 ||     1

Table legend: (Time is in decaauts)
 A = Elapsed time spent in this place.
 B = Non-inter-level travel time spent in this place.
 C = Inter-level travel time spent in this place.
 D = Time resting spent in this place.
 E = Time spent auto-exploring this place.
 F = Levels seen in this place.
 G = Mean time per level.
                   A        B        C        D        E       F      G
               +--------+--------+--------+--------+--------+-----+--------+
         Total |  13069 |  12875 |    194 |   1581 |   9155 |  15 |  871.3 |
       Dungeon |  12982 |  12802 |    180 |   1581 |   9098 |  13 |  998.6 |
        Temple |     85 |     71 |     14 |      0 |     57 |   1 |   85.0 |
          Lair |      1 |      1 |      0 |      0 |      0 |   1 |    1.0 |
               +--------+--------+--------+--------+--------+-----+--------+

Top non-repeatable levels by time:
    D:10: 1813 daAuts
     D:3: 1493 daAuts
     D:7: 1470 daAuts
    D:12: 1250 daAuts
     D:8: 1170 daAuts
     D:2: 1030 daAuts
     D:6: 1019 daAuts
     D:5: 1014 daAuts
     D:1: 940 daAuts
     D:4: 663 daAuts
     D:9: 515 daAuts
    D:11: 401 daAuts
    D:13: 197 daAuts
  Temple: 85 daAuts
  Lair:1: 1 daAuts
